 Dungeon Crawl Stone Soup version 0.17.1-2-g5865329 (webtiles) character file.

517004 ImaNewbie the Impregnable (level 27, -4/230 HPs)
             Began as a Formicid Fighter on Jan 8, 2016.
             Was an Elder of Qazlal.
             Hit by a large rock thrown by a stone giant (28 damage)
             ... on level 5 of the Vaults on Jan 11, 2016.
             The game lasted 08:51:06 (65570 turns).

ImaNewbie the Impregnable (Formicid Fighter)       Turns: 65570, Time: 08:51:07

Health: -4/230     AC: 50    Str: 26    XL:     27
Magic:  22/36      EV:  9    Int:  9    God:    Qazlal [****..]
Gold:   6198       SH: 28    Dex: 15    Spells: 4 memorised, 20 levels left

rFire  + + +     SeeInvis +     a - +10 great mace "Nogam" {elec, rF++ rN+++ Str-5 SInv}
rCold  + + +     Clarity  .     o - +15 Maxwell's patent armour {-Cast -Tele rElec MR+ rCorr}
rNeg   + + +     SustAt   .     D - +0 large shield
rPois  +         Gourm    +     (helmet unavailable)
rElec  +         Spirit   .     S - +0 cloak {MR+}
rCorr  +         Warding  .     v - +1 pair of gloves of the Sunfish {rPois Dex+3}
rMut   .         Stasis   +     X - +2 pair of boots {run}
MR     ++++.     NoCast   +     Z - amulet of the gourmand
Stlth  ..........               q - ring "Zoad" {rF+++ rC+++ Str-4 Dex+2}
                                J - ring of Galaqupi {rPois AC+3 Slay+5}

@: protected from physical damage, repel missiles, quick, incredibly resistant
to hostile enchantments, extremely unstealthy
A: permanent stasis, dig shafts and tunnels, four strong arms, antennae 3,
strong 1
a: Dig, Shaft Self, Upheaval, Elemental Force, Renounce Religion
}: 2/15 runes: decaying, serpentine


You were on level 5 of the Vaults.
You worshipped Qazlal.
Qazlal was greatly pleased with you.
You were very full.

You visited 9 branches of the dungeon, and saw 49 of its levels.
You also visited: Trove, Ossuary, Bailey and Ice Cave.

You collected 7625 gold pieces.
You spent 1427 gold pieces at shops.

Inventory:

Hand Weapons
 a - the +10 great mace "Nogam" (weapon) {elec, rF++ rN+++ Str-5 SInv}
   (You acquired it on level 4 of the Orcish Mines)

   Occasionally, upon striking a foe, it will discharge some electrical energy
   and cause terrible harm.
   It affects your strength (-5).
   It greatly protects you from fire.
   It renders you almost immune to negative energy.
   It lets you see invisible.
 b - a +0 blowgun
 I - a +0 great mace of crushing
Missiles
 h - 63 poisoned needles (quivered)
 j - 15 curare-tipped needles
Armour
 o - the +15 Maxwell's patent armour (worn) {-Cast -Tele rElec MR+ rCorr}
   (You found it on level 3 of the Elven Halls)

   It insulates you from electricity.
   It affects your resistance to hostile enchantments.
   It prevents spellcasting.
   It prevents most forms of teleportation.
   It protects you from acid and corrosion.
 v - the +1 pair of gloves of the Sunfish (worn) {rPois Dex+3}
   (You found it on level 3 of the Swamp)

   It affects your dexterity (+3).
   It protects you from poison.
 D - a +0 large shield (worn)
 L - the -2 cloak of Idwaucil {rElec rF+ rC+}
   (You found it in a treasure trove)

   It protects you from fire.
   It protects you from cold.
   It insulates you from electricity.
 S - a +0 cloak of magic resistance (worn)
 W - the +5 crystal plate armour of Unreason {Int+4}
   (You acquired it in a bailey)

   It affects your intelligence (+4).
 X - a +2 pair of boots of running (worn)
Jewellery
 p - an uncursed ring of flight
 q - the ring "Zoad" (right hand) {rF+++ rC+++ Str-4 Dex+2}
   (You took it off a deep elf annihilator on level 3 of the Elven Halls)

   [ring of dexterity]

   It affects your strength (-4).
   It affects your dexterity (+2).
   It renders you almost immune to fire.
   It renders you almost immune to cold.
 x - an uncursed amulet of resist mutation
 B - an uncursed ring of sustain attributes
 F - an uncursed amulet of guardian spirit
 J - the ring of Galaqupi (left hand) {rPois AC+3 Slay+5}
   (You found it on level 2 of the Depths)

   [ring of protection]

   It affects your AC (+3).
   It affects your accuracy and damage with ranged weapons and melee attacks
   (+5).
   It protects you from poison.
 Z - an amulet of the gourmand (around neck)
Wands
 d - a wand of lightning (12)
 f - a wand of confusion (11)
 l - a wand of digging (7)
 t - a wand of heal wounds (5)
 u - a wand of fireball (9)
 R - a wand of disintegration (17)
Scrolls
 c - 6 scrolls of recharging
 n - 31 scrolls of identify
 s - 8 scrolls of fear
 w - 6 scrolls of enchant weapon
 y - 16 scrolls of remove curse
 G - 4 scrolls of fog
 Q - 2 scrolls of silence
 T - 5 scrolls of summoning
 U - 12 scrolls of enchant armour
 V - a scroll of brand weapon
 Y - 5 scrolls of magic mapping
Potions
 g - 10 potions of heal wounds
 i - 19 potions of curing
 k - 7 potions of flight
 z - 8 potions of might
 C - 4 potions of agility
 H - 3 potions of invisibility
 K - a potion of cure mutation
 M - 2 potions of resistance
 O - 12 potions of lignification
 P - 2 potions of cancellation
Miscellaneous
 A - a phial of floods
Comestibles
 e - 28 bread rations
 m - 25 meat rations
 E - 48 fruits


   Skills:
 + Level 21.7 Fighting
 + Level 21.6 Maces & Flails
 + Level 22.8 Armour
 - Level 17.5 Shields
 - Level 3.1 Spellcasting
 - Level 5.8 Hexes
 - Level 5.0 Charms
 + Level 19.5 Invocations
 + Level 6.0 Evocations


You had 20 spell levels left.
You knew the following spells:

 Your Spells              Type           Power        Failure   Level  Hunger
a - Silence               Hex/Air        #.........   100%        5    ######.
b - Swiftness             Chrm/Air       #.......     75%         2    ###....
c - Slow                  Hex            ##......     17%         2    ###....
d - Dazzling Spray        Conj/Hex       #.......     93%         3    ####...


Dungeon Overview and Level Annotations

Branches:
Dungeon (15/15)            Temple (1/1) D:6            Lair (8/8) D:11
  Swamp (4/4) Lair:6        Snake (4/4) Lair:5        Slime (0/6) Lair:7
    Orc (4/4) D:11            Elf (3/3) Orc:3        Vaults (5/5) D:14
  Crypt (0/3) Vaults:3     Depths (5/5) D:15            Zot (0/5) Depths:5

Altars:
Ashenzari
Cheibriados
Dithmenos
Elyvilon
Fedhas
Gozag
Kikubaaqudgha
Makhleb
Nemelex Xobeh
Okawaru
Qazlal
Ru
Sif Muna
Trog
Vehumet
Xom
Yredelemnul
Zin
The Shining One
Beogh
Jiyva
Lugonu

Shops:
D:7 %   Orc:1 }   Orc:2 }   Orc:4 *([!   Elf:2 *   Vaults:2 (   Vaults:3 =
Vaults:4 =   Depths:2 [   Depths:5 }

Portals:
Hell: Depths:1 Depths:2 Depths:3 Depths:4 Depths:5
Abyss: Depths:3 Depths:4
Pandemonium: Depths:1 Depths:3
Ziggurat: Depths:1

Annotations:
D:14 exclusion: upstairs
Swamp:2 exclusion: Roxanne, Roxanne
Orc:1 exclusion: oklob plant
Depths:1 exclusions: eye of devastation, great orb of eyes and shining eye
Depths:2 exclusion: downstairs
Depths:3 exclusion: downstairs


Innate Abilities, Weirdness & Mutations

You are under a permanent stasis effect.
You can dig through walls and to a lower floor.
Your four strong arms can wield two-handed weapons with a shield.
You have a pair of large antennae on your head (SInv).
Your muscles are strong. (Str +2)


Message History

You block the iron dragon's attack. You block the stone giant's attack.
The titan hits you.
* * * LOW HITPOINT WARNING * * *
The stone giant throws a large rock.
You block the large rock.
Evoke which item? (* to show all) (? for menu, Esc to quit)
Okay, then.
Drink which item? (? for menu, Esc to quit)
You feel much better.
You hear a roar!
You block the ettin's attack. x2
The ice dragon bites you but does no damage.
You block the ice dragon's attack. x2
The titan is engulfed in roaring flames.
The titan hits you but does no damage. The iron dragon bites you.
* * * LOW HITPOINT WARNING * * *
The iron dragon barely misses you. You block the iron dragon's attack.
The stone giant barely misses you. The titan hits you!!
* * * LOW HITPOINT WARNING * * *
The stone giant throws a large rock.
The large rock hits you!!
You die...

#....#.# #%
{#..≈≈#D# .{ $
#≈..≈#.# { .
#.≈≈.#.# . !
#)#≈≈..#.#.#
..##≈#≈.≈.#)#§#{
..)≈≈≈≈≈[.).§.#
####≈≈≈CC((†######
....))C@D≈(.).....
.....§[DC)[≈≈§....
....[§§[§<≈≈.[....
...§§§.<<≈≈≈(.....
###≈§....[(≈######
C≈≈§.[.......
.##...≈...#.....
##.#≈..[#...(.#
#.#....#.....#


You could see an iron dragon, 2 titans, an ice dragon, 2 stone giants and an
ettin.

Vanquished Creatures
  2 juggernauts (Depths:5)
  Boris (twice) (Depths:4 Vaults:2)
  Saint Roka (Elf:2)
  2 golden dragons
  Jorgrun (Vaults:4)
  4 tentacled monstrosities
  2 liches
  The ghost of Sneal the Severer, an adept CeFi of Trog (Vaults:2)
  2 deep elf blademasters
  2 deep elf master archers (Elf:3)
  2 octopode crushers (Depths:2)
  3 titans
  7 sphinxes
  Agnes (Elf:2)
  6 thorn hunters
  2 tengu reavers
  Kirke (D:13)
  A shadow dragon (Vaults:5)
  9 greater nagas
  4 storm dragons
  6 frost giants
  13 vault wardens
  10 fire giants
  3 iron dragons
  Maud (Lair:7)
  4 deep elf sorcerers (Elf:3)
  The ghost of mora the Nimble, a journeyman DsBe of Trog (Snake:1)
  Aizul (Lair:5)
  An emperor scorpion (D:15)
  A cacodemon (Depths:3)
  2 orc warlords (Vaults:4)
  A draconian zealot (Depths:5)
  12 ironheart preservers
  A draconian annihilator (Depths:5)
  A spriggan defender (Depths:2)
  2 war gargoyles (Vaults:4)
  19 stone giants
  6 very ugly things
  4 vampire knights
  9 deep elf demonologists
  A salamander stormcaller (Vaults:4)
  2 mottled draconians (Depths:5)
  2 white draconians (Depths:5)
  A dire elephant (D:15)
  12 deep elf annihilators
  The ghost of grizfap the Blocker, a journeyman MiFi of Yredelemnul (D:13)
  3 deep elf death magi
  Snorg (D:11)
  13 fire dragons
  15 yaktaur captains
  A merfolk javelineer (Depths:2)
  A green death (Depths:1)
  A large abomination (Vaults:3)
  2 blizzard demons (IceCv)
  Erolcha (D:8)
  41 vault guards
  13 ettins
  A merfolk impaler (Depths:2)
  2 jiangshi
  Josephine (Lair:7)
  5 deep elf high priests
  4 great orbs of eyes
  6 ice dragons
  Fannar (D:10)
  3 rakshasas
  21 naga warriors
  4 spriggan air magi
  The ghost of mora the Unseen, a journeyman SpEn of Okawaru (Lair:8)
  9 alligators
  4 entropy weavers
  10 anacondas
  A hydra (shapeshifter) (Depths:3)
  18 ogre magi
  32 hydras
  3 ghost crabs
  15 dancing weapons
  13 centaur warriors
  2 vampire magi
  4 death yaks (Lair:7)
  5 tengu warriors
  10 deep troll shamans
  8 orc high priests
  8 deep troll earth magi
  A sun demon (Depths:2)
  6 shock serpents
  12 naga sharpshooters
  A spriggan berserker (Depths:2)
  7 hell knights (Depths:1)
  3 small abominations (Vaults:3)
  2 fire crabs
  A fire crab (shapeshifter) (Elf:1)
  8 iron trolls
  A salamander mystic (Snake:4)
  4 flayed ghosts
  The ghost of Sneal the Cleaver, a novice MiFi of Okawaru (Bailey)
  The ghost of MajorHonor the Cleaver, a novice HOBe of Trog (Bailey)
  23 deep elf knights
  23 deep trolls
  13 swamp dragons
  5 ice devils (IceCv)
  2 unseen horrors
  A giant orange brain (shapeshifter) (Vaults:4)
  An unseen horror (shapeshifter) (Vaults:3)
  2 shambling mangroves
  12 naga ritualists
  12 deep elf summoners
  3 giant orange brains
  7 wizards
  Pikel (D:6)
  4 hill giants
  8 mana vipers
  15 deep elf conjurers
  22 ironbrand convokers
  3 harpies
  19 orc knights
  2 necromancers
  6 phantasmal warriors
  61 ugly things
  6 wolf spiders
  7 hornets
  4 orc sorcerers
  A lindwurm (Lair:7)
  An orb spider (shapeshifter) (D:15)
  A sixfirhy (Depths:1)
  3 cyclopes
  A cyclops (shapeshifter) (Vaults:5)
  A manticore (shapeshifter) (Vaults:2)
  2 octopodes (shapeshifter)
  53 black mambas
  8 griffons
  10 salamanders
  2 rust devils
  20 vault sentinels
  7 guardian serpents
  16 spiny frogs
  2 gargoyles
  An ice statue (IceCv)
  A black mamba (shapeshifter) (Vaults:4)
  A torpor snail (Lair:3)
  A smoke demon (Depths:3)
  20 naga magi
  A storm dragon simulacrum (Vaults:5)
  4 kobold demonologists
  An orange demon (Depths:3)
  3 centaur skeletons
  2 efreet (D:14)
  36 yaktaurs
  6 fire drakes
  A komodo dragon (shapeshifter) (D:14)
  10 komodo dragons
  A blue devil (IceCv)
  A fire drake (shapeshifter) (Vaults:2)
  A tengu conjurer (Depths:3)
  A polar bear (shapeshifter) (Depths:1)
  4 freezing wraiths
  5 deep elf priests
  3 trolls
  6 giant leeches
  2 polar bears
  4 anaconda simulacra (IceCv)
  2 jumping spiders (Depths:5)
  Grinder (D:2)
  19 blink frogs
  Prince Ribbit (D:6)
  5 boulder beetles
  27 two-headed ogres
  2 jumping spiders (shapeshifter)
  8 bog bodies
  A trapdoor spider (shapeshifter) (D:14)
  2 two-headed ogres (shapeshifter)
  49 slime creatures
  A spriggan (shapeshifter) (Elf:1)
  A trapdoor spider zombie (D:12)
  12 redbacks
  2 shadows
  2 air elementals (Depths:2)
  7 wyverns
  11 water elementals
  Sigmund (D:5)
  3 dire elephant simulacra (IceCv)
  A trapdoor spider (D:12)
  2 tarantellas
  28 deep elf fighters
  25 deep elf magi
  6 wraiths
  7 spriggans
  83 yaks
  A tarantella (shapeshifter) (D:14)
  6 basilisks
  6 hippogriffs
  A human simulacrum (Vaults:2)
  A ynoxinul (Depths:1)
  A warg (shapeshifter) (Depths:1)
  2 harpy simulacra (IceCv)
  2 hippogriffs (shapeshifter) (Vaults:2)
  4 hogs (D:12)
  20 swamp worms
  A death yak simulacrum (IceCv)
  2 hungry ghosts
  33 vampire mosquitoes
  21 water moccasins
  14 wargs
  16 wolves
  3 steam dragons (Lair:8)
  10 porcupines
  6 insubstantial wisps (Swamp:3)
  3 hydra simulacra (IceCv)
  5 iron troll simulacra (IceCv)
  A mottled dragon (shapeshifter) (Vaults:5)
  5 mottled dragons
  2 ettin simulacra (IceCv)
  39 orc warriors
  13 swamp drakes
  63 nagas
  2 black bears
  54 ogres
  20 wasps
  4 spiders (Lair:8)
  An ice beast (shapeshifter) (Vaults:5)
  3 sky beasts
  10 boggarts
  2 eyes of draining
  10 ice beasts
  A slave (D:6)
  18 centaurs
  An eye of draining (shapeshifter) (Depths:1)
  3 phantoms
  17 crocodiles
  2 elf zombies (D:8)
  Blork the orc (D:6)
  3 big kobolds
  20 giant frogs
  A brain worm (D:15)
  A wyvern zombie (D:14)
  3 elf skeletons (D:8)
  2 wyvern skeletons
  4 scorpions
  18 killer bees
  14 wights
  8 crimson imps
  2 draconian simulacra (IceCv)
  6 electric eels
  3 giant frog zombies
  4 giant frog skeletons
  8 hounds
  6 centaur zombies
  Crazy Yiuf (D:2)
  Ijyb (D:2)
  2 human skeletons (D:8)
  10 jellies
  38 orc wizards
  15 iguanas
  A polar bear simulacrum (IceCv)
  A gnoll shaman (D:4)
  47 orc priests
  6 hell rats
  36 sheep
  16 worker ants
  A wolf simulacrum (IceCv)
  2 troll simulacra (IceCv)
  6 big kobold zombies (Ossuary)
  3 centaur simulacra (IceCv)
  A hound skeleton (D:4)
  A mummy (Ossuary)
  9 gnolls
  76 river rats
  A worker ant zombie (D:5)
  An ogre simulacrum (IceCv)
  20 adders
  3 naga simulacra (IceCv)
  3 shadow imps
  8 white imps (IceCv)
  A giant eyeball (Vaults:4)
  7 ufetubi (IceCv)
  2 oozes
  2 worms
  3 adder skeletons
  5 giant geckos
  252 orcs
  4 spectral bats (Ossuary)
  7 bats
  6 gnoll zombies (Ossuary)
  7 hobgoblins
  15 jackals
  A kobold (shapeshifter) (Depths:3)
  15 kobolds
  5 quokkas
  A quokka (shapeshifter) (D:13)
  2 ball pythons
  2 bat simulacra (Ossuary)
  8 giant cockroaches
  3 giant newts
  8 goblins
  A goblin simulacrum (Ossuary)
  2 goblin zombies (Ossuary)
  4 hobgoblin zombies (Ossuary)
  A kobold simulacrum (Ossuary)
  5 kobold zombies (Ossuary)
  4 orc skeletons (D:8)
  6 orc zombies (Ossuary)
  8 rats
  5 rat simulacra (Ossuary)
  2 spectral goblins (Ossuary)
  3 spectral kobolds (Ossuary)
  4 spectral rats (Ossuary)
  17 briar patches
  A bush (D:2)
  3 crawling corpses (Elf:3)
  64 fungi
  55 plants
2701 creatures vanquished.

Vanquished Creatures (collateral kills)
  A very ugly thing (Depths:3)
  A tengu conjurer (Depths:3)
  A deep troll zombie (Vaults:5)
3 creatures vanquished.

Vanquished Creatures (others)
  A lich (Depths:1)
  A fire giant (Vaults:3)
  A very ugly thing (Vaults:5)
  3 hydras
  An orc high priest (Orc:3)
  A storm dragon zombie (Vaults:5)
  A swamp dragon (Swamp:4)
  A harpy (Vaults:2)
  A titan simulacrum (Vaults:5)
  A spiny frog (Swamp:2)
  A troll (Vaults:4)
  A giant leech (Swamp:2)
  A spriggan (Swamp:4)
  A deep elf mage (Elf:3)
  2 vampire mosquitoes (Vaults:3)
  A yaktaur simulacrum (Vaults:5)
  2 swamp worms (Swamp:2)
  A wasp (Swamp:4)
  4 killer bees (D:13)
  A jelly (D:6)
  An orc wizard (D:6)
  An orc (Vaults:4)
  A jackal (D:10)
  A goblin zombie (Ossuary)
  A quokka (D:6)
  A bush (Lair:2)
  25 fungi
  19 plants
  8 toadstools (Swamp:2)
85 creatures vanquished.

Grand Total: 2789 creatures vanquished

Notes
Turn   | Place    | Note
--------------------------------------------------------------
     0 | D:1      | ImaNewbie the Formicid Fighter began the quest for the Orb.
     0 | D:1      | Reached XP level 1. HP: 18/18 MP: 1/1
   189 | D:1      | Reached XP level 2. HP: 24/24 MP: 2/2
   769 | D:2      | Reached XP level 3. HP: 27/29 MP: 3/3
   972 | D:2      | Noticed Ijyb
   984 | D:2      | Killed Ijyb
   984 | D:2      | Reached skill level 4 in Maces & Flails
   984 | D:2      | Reached XP level 4. HP: 35/35 MP: 4/4
  1195 | D:2      | Noticed Crazy Yiuf
  1206 | D:2      | Killed Crazy Yiuf
  1206 | D:2      | Reached XP level 5. HP: 19/41 MP: 5/5
  1284 | D:3      | Noticed Grinder
  1540 | D:2      | Reached skill level 5 in Maces & Flails
  1760 | D:2      | Killed Grinder
  1760 | D:2      | Reached skill level 6 in Maces & Flails
  1760 | D:2      | Reached XP level 6. HP: 47/47 MP: 6/6
  1824 | D:3      | Found a snail-covered altar of Cheibriados.
  2239 | D:4      | Reached XP level 7. HP: 26/52 MP: 7/7
  2244 | D:4      | Reached skill level 7 in Maces & Flails
  2515 | D:4      | Reached skill level 8 in Maces & Flails
  2609 | D:4      | Found a sacrificial altar of Ru.
  3334 | D:4      | Reached XP level 8. HP: 31/58 MP: 8/8
  3406 | D:5      | Entered Level 5 of the Dungeon
  3473 | D:5      | Reached skill level 9 in Maces & Flails
  3906 | D:3      | Found a faded altar to an unknown god.
  4477 | D:5      | Reached skill level 10 in Maces & Flails
  4478 | D:5      | Noticed Sigmund
  4506 | D:5      | Killed Sigmund
  4634 | D:5      | Reached XP level 9. HP: 64/64 MP: 9/9
  4885 | D:6      | Found a staircase to the Ecumenical Temple.
  4900 | Temple   | Entered the Ecumenical Temple
  4987 | Temple   | Became a worshipper of Qazlal Stormbringer
  5030 | D:6      | Noticed Prince Ribbit
  5055 | D:6      | Killed Prince Ribbit
  5088 | D:6      | Found a shimmering altar of Xom.
  5459 | D:6      | Noticed Blork the orc
  5467 | D:6      | Killed Blork the orc
  5467 | D:6      | Reached skill level 5 in Fighting
  5467 | D:6      | Reached skill level 5 in Armour
  5649 | D:6      | Noticed Pikel
  5667 | D:6      | Killed Pikel
  5667 | D:6      | Reached skill level 11 in Maces & Flails
  5667 | D:6      | Reached skill level 5 in Shields
  5713 | D:6      | Reached XP level 10. HP: 73/76 MP: 10/10
  5840 | D:7      | Found Uremurr's Food Boutique.
  5901 | D:7      | Reached * piety under Qazlal
  6839 | D:8      | Found a sand-covered staircase.
  6873 | D:8      | Reached ** piety under Qazlal
  6943 | D:8      | Found an ancient bone altar of Kikubaaqudgha.
  6943 | D:8      | Found a burning altar of Makhleb.
  7048 | Ossuary  | Entered an ossuary
  7266 | Ossuary  | Reached *** piety under Qazlal
  7520 | D:8      | Noticed Erolcha
  7539 | D:8      | Killed Erolcha
  7830 | D:8      | Found a blossoming altar of Fedhas.
  7841 | D:8      | Reached skill level 12 in Maces & Flails
  8322 | D:9      | Reached **** piety under Qazlal
  8322 | D:9      | Reached XP level 11. HP: 72/85 MP: 11/11
  9227 | D:10     | Entered Level 10 of the Dungeon
  9271 | D:10     | Noticed Fannar
  9334 | D:10     | Killed Fannar
 10007 | D:11     | Reached ***** piety under Qazlal
 10420 | D:11     | Found a portal to a secret trove of treasure.
 11446 | D:11     | Got a bloodstained leather armour
 11462 | D:11     | Identified the +3 leather armour "Jumox" {rC+} (You found it on level 11 of the Dungeon)
 11499 | D:11     | Reached XP level 12. HP: 66/97 MP: 12/12
 11516 | D:11     | Reached skill level 1 in Invocations
 12284 | D:12     | Reached skill level 10 in Fighting
 12284 | D:12     | Reached skill level 13 in Maces & Flails
 12765 | D:12     | Found a burning altar of Makhleb.
 12979 | D:13     | Noticed Kirke
 12980 | D:13     | Noticed grizfap's ghost (journeyman MiFi)
 13427 | D:13     | Noticed a centaur warrior
 13434 | D:13     | Killed a centaur warrior
 13434 | D:13     | Reached skill level 10 in Armour
 13555 | D:13     | Noticed a sphinx
 13613 | D:13     | Killed Kirke
 13613 | D:13     | Reached skill level 5 in Invocations
 13879 | D:13     | Killed grizfap's ghost
 13879 | D:13     | Reached XP level 13. HP: 50/104 MP: 11/17
 15346 | D:14     | Found a gate to the Vaults.
 16347 | D:11     | Noticed Snorg
 16399 | D:11     | Reached skill level 14 in Maces & Flails
 16424 | D:11     | Killed Snorg
 16769 | D:11     | Found a staircase to the Lair.
 17008 | D:11     | Found a staircase to the Orcish Mines.
 17083 | Orc:1    | Entered Level 1 of the Orcish Mines
 17144 | Orc:1    | Found Qurrahiy's Gadget Emporium.
 17640 | Orc:2    | Found Eriujor's Gadget Boutique.
 17861 | Orc:2    | Found a flagged portal.
 17923 | Bailey   | Entered a bailey
 17923 | Bailey   | Noticed MajorHonor's ghost (novice HOBe)
 17937 | Bailey   | Killed MajorHonor's ghost
 18004 | Bailey   | Noticed Sneal's ghost (novice MiFi)
 18033 | Bailey   | Killed Sneal's ghost
 18054 | Bailey   | Reached XP level 14. HP: 86/114 MP: 12/20
 18246 | Bailey   | Identified a scroll of acquirement
 18247 | Bailey   | Got a fine crystal plate armour
 18258 | Bailey   | Identified the +5 crystal plate armour of Unreason {Int+4} (You acquired it in a bailey)
 18464 | D:11     | You paid a toll of a +4 demon trident to enter a treasure trove
 18465 | Trove    | Entered a treasure trove
 18510 | Trove    | Got an ancient cloak
 18536 | Trove    | Identified the -2 cloak of Idwaucil {rElec rF+ rC+} (You found it in a treasure trove)
 19420 | Orc:4    | Entered Level 4 of the Orcish Mines
 20226 | Orc:3    | Reached skill level 10 in Invocations
 20721 | Orc:4    | Found Zifuh's Distillery.
 20721 | Orc:4    | Found Xaublas's Armour Boutique.
 20741 | Orc:4    | Bought a potion of lignification for 54 gold pieces
 20950 | Orc:4    | Found Buubec's Weapon Emporium.
 20950 | Orc:4    | Found Jynafuig's General Store.
 21019 | Orc:4    | Bought 4 curare-tipped needles for 31 gold pieces
 21028 | Orc:4    | Bought a potion of degeneration for 14 gold pieces
 21055 | Orc:4    | Found a roughly hewn altar of Beogh.
 21307 | Orc:4    | Bought a scroll of acquirement for 728 gold pieces
 21308 | Orc:4    | Got a brightly glowing great mace
 21310 | Orc:4    | Identified the +10 great mace "Nogam" {elec, rF++ rN+++ Str-5 SInv} (You acquired it on level 4 of the Orcish Mines)
 21425 | Lair:1   | Entered Level 1 of the Lair of Beasts
 21639 | Lair:1   | Reached skill level 1 in Evocations
 22577 | Lair:2   | Reached XP level 15. HP: 113/122 MP: 22/22
 22597 | Lair:2   | Reached ****** piety under Qazlal
 24868 | Lair:4   | Gained mutation: Your muscles are strong. (Str +2) [potion of beneficial mutation]
 25133 | Lair:5   | Reached skill level 5 in Evocations
 25167 | Lair:5   | Found a staircase to the Snake Pit.
 25851 | Lair:6   | Learned a level 5 spell: Silence
 25881 | Lair:6   | Found a staircase to the Swamp.
 26045 | Lair:6   | Reached skill level 1 in Hexes
 26681 | Lair:7   | Noticed Maud
 26696 | Lair:7   | Killed Maud
 26696 | Lair:7   | Reached skill level 1 in Spellcasting
 26787 | Lair:7   | Noticed Josephine
 26810 | Lair:7   | Killed Josephine
 27284 | Lair:7   | Reached skill level 5 in Hexes
 27284 | Lair:7   | Reached XP level 16. HP: 131/131 MP: 11/24
 27403 | Lair:7   | Found a runed door.
 27408 | Lair:7   | Found a viscous altar of Jiyva.
 27408 | Lair:7   | Found a staircase to the Slime Pits.
 27564 | Lair:7   | Found a bloodstained altar of Trog.
 27826 | Lair:6   | Got a transparent whip
 27827 | Lair:6   | Identified the cursed +2 whip of the Empty Page {venom, Int+8} (You found it on level 6 of the Lair of Beasts)
 27888 | Snake:1  | Entered Level 1 of the Snake Pit
 27894 | Snake:1  | Noticed Aizul
 27919 | Lair:5   | Reached skill level 15 in Maces & Flails
 28068 | Lair:5   | Killed Aizul
 28366 | Snake:1  | Noticed mora's ghost (journeyman DsBe)
 28852 | Snake:1  | Killed mora's ghost
 29273 | Snake:1  | Reached skill level 15 in Armour
 29616 | Snake:1  | Reached skill level 10 in Shields
 30716 | Snake:2  | Reached XP level 17. HP: 131/139 MP: 25/25
 32642 | Snake:4  | Entered Level 4 of the Snake Pit
 33455 | Snake:4  | Reached skill level 16 in Armour
 34353 | Snake:4  | Reached XP level 18. HP: 126/148 MP: 27/27
 34376 | Snake:4  | Reached skill level 15 in Fighting
 35574 | Snake:4  | Got a serpentine rune of Zot
 36004 | Lair:8   | Entered Level 8 of the Lair of Beasts
 36033 | Lair:8   | Noticed mora's ghost (journeyman SpEn)
 36167 | Lair:8   | Killed mora's ghost
 37393 | Lair:8   | Upgraded the game from 0.17.1-1-g73c8601 to 0.17.1-2-g5865329
 37683 | Snake:3  | Got a spiked scale mail
 37694 | Snake:3  | Identified the cursed +0 scale mail of the New World {rElec rPois Str+4 Int+2} (You found it on level 3 of the Snake Pit)
 37745 | Snake:2  | Learned a level 2 spell: Swiftness
 37795 | Snake:2  | Reached skill level 1 in Charms
 37979 | Swamp:1  | Entered Level 1 of the Swamp
 38157 | Swamp:1  | Reached XP level 19. HP: 154/156 MP: 29/29
 38888 | Swamp:1  | Reached skill level 5 in Charms
 39559 | Swamp:2  | Noticed Roxanne
 40224 | Swamp:3  | Reached skill level 17 in Armour
 40706 | Swamp:3  | Got a pair of faintly humming gloves
 40712 | Swamp:3  | Identified the +1 pair of gloves of the Sunfish {rPois Dex+3} (You found it on level 3 of the Swamp)
 41035 | Swamp:4  | Entered Level 4 of the Swamp
 41411 | Swamp:4  | Reached skill level 15 in Shields
 42630 | Swamp:4  | Got a decaying rune of Zot
 42829 | Swamp:4  | Reached XP level 20. HP: 144/164 MP: 30/30
 43573 | D:15     | Entered Level 15 of the Dungeon
 43573 | D:15     | Found a basalt altar of Yredelemnul.
 43957 | D:15     | Found a staircase to the Depths.
 44615 | Depths:1 | Entered Level 1 of the Depths
 44619 | Depths:1 | Found a gateway to Hell.
 44965 | Depths:1 | Reached skill level 18 in Armour
 45109 | Depths:1 | Found a gateway to a ziggurat.
 45183 | Depths:1 | Found a one-way gate leading to the halls of Pandemonium.
 45429 | Depths:1 | Found a sacrificial altar of Ru.
 45442 | Depths:1 | Found a sparkling altar of Nemelex Xobeh.
 46132 | Orc:3    | Found a staircase to the Elven Halls.
 46189 | Elf:1    | Entered Level 1 of the Elven Halls
 46226 | Elf:1    | Learned a level 2 spell: Slow
 46357 | Elf:1    | Identified Odghur's Papyrus of Arcane Weapons (You found it on level 1 of the Elven Halls)
 46362 | Elf:1    | Learned a level 3 spell: Dazzling Spray
 47137 | Elf:1    | Got a coiled marble ring
 47139 | Elf:1    | Identified the ring "Qoac Joo" {rPois rN+++ Str-5 Int+4 Dex-2} (You took it off a deep elf knight on level 1 of the Elven Halls)
 47252 | Elf:2    | Found Cien's Commerce Corner.
 47319 | Elf:2    | Reached XP level 21. HP: 160/174 MP: 31/31
 47469 | Elf:2    | Noticed Agnes
 47486 | Elf:2    | Killed Agnes
 47713 | Elf:2    | Got a jewelled morningstar
 47714 | Elf:2    | Identified the +8 morningstar of Exquisite Torment {drain, Str+6} (You found it on level 2 of the Elven Halls)
 47853 | Elf:2    | Found a runed gate.
 47853 | Elf:2    | Found a runed gate.
 47853 | Elf:2    | Found a runed gate.
 47962 | Elf:2    | Noticed Saint Roka
 47979 | Elf:2    | Killed Saint Roka
 48120 | Elf:2    | Reached skill level 19 in Armour
 48926 | Depths:1 | Identified a +2 pair of boots of running (You found it on level 1 of the Depths)
 49209 | Elf:3    | Entered Level 3 of the Elven Halls
 49804 | Elf:3    | Found a frozen archway.
 49846 | IceCv    | Entered an ice cave
 51126 | Elf:3    | Reached XP level 22. HP: 164/184 MP: 32/32
 51346 | Elf:3    | Got a clouded lapis lazuli ring
 51348 | Elf:3    | Identified the ring "Zoad" {rF+++ rC+++ Str-4 Dex+2} (You took it off a deep elf annihilator on level 3 of the Elven Halls)
 51418 | Elf:3    | Got a pitted cloak
 51429 | Elf:3    | Identified the cursed -3 cloak "Jiapai" {rN+} (You found it on level 3 of the Elven Halls)
 51456 | Elf:3    | Identified the Guide on Conjuration (You found it on level 3 of the Elven Halls)
 51593 | Elf:3    | Identified Sisse's Collected Works on the Lethal Volcanoes (You found it on level 3 of the Elven Halls)
 51860 | Elf:3    | Got a pitted morningstar {pain}
 51862 | Elf:3    | Identified the +3 morningstar "Bediy" {pain, Str-5 Int+6} (You took it off a deep elf annihilator on level 3 of the Elven Halls)
 52422 | Depths:2 | Found Hacwi Ojozu's Armour Emporium.
 52512 | Depths:2 | Got a faintly glowing bone ring
 52514 | Depths:2 | Identified the ring of Galaqupi {rPois AC+3 Slay+5} (You found it on level 2 of the Depths)
 53014 | Depths:2 | Reached skill level 20 in Armour
 53158 | Depths:2 | Identified the Catalogue of the Lost Stars (You found it on level 2 of the Depths)
 54146 | Depths:3 | Found a corrupted altar of Lugonu.
 54147 | Depths:3 | Found a one-way gate to the infinite horrors of the Abyss.
 54273 | Depths:3 | Reached XP level 23. HP: 146/192 MP: 34/34
 54770 | Depths:3 | Reached skill level 15 in Invocations
 54805 | Depths:3 | Identified Sif Muna's Incunabulum of Hurtful Cold (You found it on level 3 of the Depths)
 54846 | Depths:3 | Noticed a golden dragon
 54858 | Depths:3 | Killed a golden dragon
 55527 | Depths:4 | Noticed Boris
 55817 | Depths:4 | Killed Boris
 56643 | Depths:5 | Entered Level 5 of the Depths
 56821 | Depths:5 | Noticed a juggernaut
 56827 | Depths:5 | Killed a juggernaut
 56898 | Depths:5 | Reached skill level 21 in Armour
 57116 | Depths:5 | Reached XP level 24. HP: 201/203 MP: 35/35
 57224 | Depths:5 | Noticed a juggernaut
 57845 | Depths:5 | Found Ucuhywe's Gadget Shop.
 57886 | Depths:5 | Killed a juggernaut
 58259 | Depths:5 | Found a gate to the Realm of Zot.
 58526 | Vaults:1 | Entered Level 1 of the Vaults
 59923 | Vaults:2 | Noticed Sneal's ghost (adept CeFi)
 59957 | Vaults:2 | Killed Sneal's ghost
 60057 | Vaults:2 | Noticed Boris
 60082 | Vaults:2 | Killed Boris
 60083 | Vaults:2 | Reached XP level 25. HP: 119/212 MP: 34/35
 60498 | Vaults:2 | Found Suturr's Weapon Emporium.
 61666 | Vaults:3 | Found a staircase to the Crypt.
 61666 | Vaults:3 | Found a basalt altar of Yredelemnul.
 61666 | Vaults:3 | Found an ancient bone altar of Kikubaaqudgha.
 62060 | Vaults:3 | Reached skill level 22 in Armour
 62407 | Vaults:3 | Found Maufedgh's Jewellery Emporium.
 62777 | Vaults:4 | Found Uczoq's Jewellery Emporium.
 62780 | Vaults:4 | Bought an uncursed amulet of resist mutation for 600 gold pieces
 63126 | Vaults:4 | Reached XP level 26. HP: 175/222 MP: 24/36
 64071 | Vaults:4 | Got a pair of heavily runed boots
 64082 | Vaults:4 | Identified the +0 pair of boots "Budal" {rPois Dex+3} (You found it on level 4 of the Vaults)
 64186 | Vaults:4 | Identified the Almanac of Earthen Transmutation (You found it on level 4 of the Vaults)
 64416 | Vaults:5 | Entered Level 5 of the Vaults
 64459 | Vaults:5 | Noticed Jorgrun
 64688 | Vaults:4 | Killed Jorgrun
 65544 | Vaults:5 | Reached XP level 27. HP: 225/230 MP: 36/36
 65570 | Vaults:5 | Hit by a large rock thrown by a stone giant

Action                   |  1- 3 |  4- 6 |  7- 9 | 10-12 | 13-15 | 16-18 | 19-21 | 22-24 | 25-27 || total
-------------------------+-------+-------+-------+-------+-------+-------+-------+-------+-------++-------
Melee: Flail             |   103 |   169 |   319 |   977 |  1583 |       |       |       |       ||  3151
       Demon trident     |       |       |       |    34 |       |       |       |       |       ||    34
       Unarmed           |       |       |       |     2 |       |       |       |       |       ||     2
       Great mace        |       |       |       |       |    44 |   124 |   174 |  1106 |   822 ||  2270
       Dire flail        |       |       |       |       |   250 |  1486 |  1950 |    91 |       ||  3777
 Fire: Blowgun           |       |       |       |       |     7 |     3 |     4 |       |       ||    14
Invok: Upheaval          |       |       |       |     4 |    24 |    11 |    13 |     8 |    13 ||    73
       Elemental Force   |       |       |       |     1 |       |       |       |     2 |     1 ||     4
       Disaster Area     |       |       |       |       |     1 |       |       |     1 |     5 ||     7
 Abil: Dig               |       |       |       |     5 |     5 |       |    11 |     1 |       ||    22
       Evoke Flight      |       |       |       |       |       |       |     3 |       |       ||     3
       Stop Flying       |       |       |       |       |       |       |     1 |       |       ||     1
Evoke: Wand              |       |     1 |     1 |    10 |    12 |       |     1 |       |       ||    25
  Use: Potion            |       |     2 |     5 |       |     4 |     4 |     1 |       |     2 ||    18
       Scroll            |       |       |     9 |    13 |    17 |     6 |     5 |     1 |     1 ||    52
 Stab: Invisible         |       |       |       |       |     1 |       |       |       |       ||     1
       Confused          |       |       |       |       |       |       |     1 |       |       ||     1
       Distracted        |       |       |       |       |       |       |     2 |       |       ||     2
  Eat: Chunk             |       |     4 |    12 |    24 |    56 |    34 |    46 |    30 |    18 ||   224
       Beef jerky        |       |       |       |     2 |       |       |       |     1 |       ||     3
       Pizza             |       |       |       |     1 |       |       |       |       |       ||     1
       Fruit             |       |       |       |       |     2 |       |       |       |       ||     2
       Bread ration      |       |       |       |       |     1 |       |       |       |       ||     1
